 Dungeon Crawl Stone Soup version 0.31-a0-175-g9f7f995f2b (webtiles) character file.

Game seed: 13487296968893701450

103723 Drazool the Spry (level 15, -8/84 HPs)
             Began as a Spriggan Hunter on June 15, 2023.
             Was a High Priest of Okawaru.
             Killed from afar by a salamander tyrant (47 damage)
             ... on level 2 of the Snake Pit on June 16, 2023.
             The game lasted 01:45:37 (31770 turns).

Drazool the Spry (Spriggan Hunter)                 Turns: 31770, Time: 01:45:38

Health: -8/84      AC:  6    Str:  7    XL:     15   Next: 89%
Magic:  26/26      EV: 57    Int: 15    God:    Okawaru [*****.]
Gold:   1898       SH:  0    Dex: 31    Spells: 14/14 levels left

rFire   . . .        a - +2 shortbow of the Building Gods {heavy, Int+3}
rCold   . . .        (shield currently unavailable)
rNeg    . . .        A - +1 robe of the Moon {Fly rCorr}
rPois   .            H - +1 hat {Will+}
rElec   .            T - +1 cloak {Will+}
rCorr   +            (gloves unavailable)
SInv    +            (boots unavailable)
Will    ++++.        r - amulet of the acrobat
Stlth   +++          Y - +4 ring of slaying
HPRegen 0.34/turn    D - +6 ring of dexterity
MPRegen 0.20/turn

%: acrobat
@: acrobatic, flying, very quick
A: very small, no large weapons, unfitting armour, see invisible, speed 3
a: Renounce Religion, Heroism, Finesse, Duel


You were on level 2 of the Snake Pit.
You worshipped Okawaru.
Okawaru was extremely pleased with you.
You visited 4 branches of the dungeon, and saw 24 of its levels.
You also visited: Gauntlet and Ice Cave.

You collected 2457 gold pieces.
You spent 559 gold pieces at shops.


Innate Abilities, Weirdness & Mutations

You are very small and have problems with some larger weapons.
You are too small for most types of armour.
You have supernaturally acute eyesight. (SInv)
You cover ground extremely quickly. (Speed+++)


   Skills:
 + Level 11.8 Fighting
 * Level 13.6 Ranged Weapons
 + Level 17.7 Dodging
 - Level 1.5 Stealth
 + Level 13.6 Invocations
 - Level 14.8 Evocations


You had 14 spell levels left.
You didn't know any spells.
Your spell library contained the following spells:

 Spells                   Type           Power      Damage    Failure   Level
 Apportation              Tloc           0%         N/A       26%         1
 Freeze                   Ice            0%         1d3       26%         1
 Kiss of Death            Conj/Necr      0%         2d5       26%         1
 Magic Dart               Conj           0%         1d3       26%         1
 Shock                    Conj/Air       0%         1d3       26%         1
 Sting                    Tmut/Pois      0%         1d3       26%         1
 Blink                    Tloc           0%         N/A       38%         2
 Ensorcelled Hibernation  Hex/Ice        0%         N/A       38%         2
 Lesser Beckoning         Tloc           0%         N/A       38%         2
 Momentum Strike          Conj/Tloc      0%         3d8       38%         2
 Poisonous Vapours        Pois/Air       0%         N/A       38%         2
 Confusing Touch          Hex            0%         N/A       63%         3
 Frozen Ramparts          Ice            0%         1d1       63%         3
 Gell's Gravitas          Tloc           0%         N/A       63%         3
 Hailstorm                Conj/Ice       0%         3d3       63%         3
 Inner Flame              Hex/Fire       0%         N/A       63%         3
 Mephitic Cloud           Conj/Pois/Air  0%         N/A       63%         3
 Portal Projectile        Hex/Tloc       0%         N/A       63%         3
 Swiftness                Air            0%         N/A       63%         3
 Teleport Other           Tloc           0%         N/A       63%         3
 Airstrike                Air            0%         2d(0-16)  95%         4
 Dispel Undead            Necr           0%         3d6       95%         4
 Flame Wave               Conj/Fire      0%         2d4       95%         4
 Olgreb's Toxic Radiance  Pois           0%         N/A       95%         4
 Petrify                  Tmut/Erth      0%         N/A       95%         4
 Sticky Flame             Conj/Fire      0%         2d3       95%         4
 Alistair's Intoxication  Tmut/Pois      0%         N/A       100%        5
 Blade Hands              Tmut           0%         N/A       100%        5
 Irradiate                Conj/Tmut      0%         3d11      100%        5
 Metabolic Englaciation   Hex/Ice        0%         N/A       100%        5
 Plasma Beam              Fire/Air       0%         2x1d10    100%        6
 Statue Form              Tmut/Erth      0%         N/A       100%        6
 Dragon Form              Tmut           0%         N/A       100%        7
 Chain Lightning          Conj/Air       0%         N/A       100%        9
 Fire Storm               Conj/Fire      0%         5d1       100%        9
 Polar Vortex             Ice            0%         N/A       100%        9
 Shatter                  Erth           0%         3d5*      100%        9
 Call Imp                 Summ           Unusable   N/A       N/A         2
 Tukima's Dance           Hex            Unusable   N/A       N/A         3

Inventory:

Hand Weapons
 a - the +2 shortbow of the Building Gods (weapon) {heavy, Int+3}
   (Okawaru gifted it to you on level 5 of the Lair of Beasts)

   Int:       It affects your intelligence (+3).
 b - a +6 arbalest of chaos
Missiles
 j - 3 throwing nets {=f}
 z - a curare-tipped dart {=f}
Armour
 A - the +1 robe of the Moon (worn) {Fly rCorr}
   (Okawaru gifted it to you on level 8 of the Dungeon)

   Fly:       It grants you flight.
   rCorr:     It protects you from acid and corrosion.
 H - a +1 hat of willpower (worn)
 K - a +0 troll leather armour
 L - a +2 hat of see invisible
 T - a +1 cloak of willpower (worn)
Jewellery
 f - a ring of protection from fire
 r - an amulet of the acrobat (around neck)
 u - an amulet of guardian spirit
 C - a ring of protection from cold
 D - a +6 ring of dexterity (right hand)
 F - a ring of fire
 I - an amulet of magic regeneration
 M - a ring of magical power
 P - a ring of poison resistance
 R - a ring of resist corrosion
 U - the ring "Wozaer" {rF+ rN+ Will+ Int+4}
   (You took it off a necromancer in an ice cave)

   [ring of positive energy]

   Int:       It affects your intelligence (+4).
   rF:        It protects you from fire.
   rN:        It protects you from negative energy.
   Will:      It increases your willpower.
 W - a ring of willpower
 Y - a +4 ring of slaying (left hand)
Wands
 l - a wand of iceblast (22)
 B - a wand of quicksilver (17)
 G - a wand of mindburst (13)
 N - a wand of flame (26)
 O - a wand of paralysis (15)
 X - a wand of digging (3)
Scrolls
 e - 7 scrolls of enchant weapon
 h - 4 scrolls of noise
 i - 2 scrolls of fear
 n - 15 scrolls of teleportation {@r2}
 o - a scroll of vulnerability
 p - a scroll of silence {!r}
 v - a scroll of poison
 y - a scroll of immolation
 J - 2 scrolls of amnesia
 Q - a scroll of butterflies
 V - 5 scrolls of identify {@r1}
Potions
 d - 7 potions of mutation
 g - 6 potions of brilliance
 k - 2 potions of curing {@q1}
 m - 5 potions of might
 q - 3 potions of lignification
 s - 4 potions of enlightenment
 t - a potion of resistance
 w - 7 potions of haste {@q3}
 x - 2 potions of attraction
 E - 2 potions of invisibility
 Z - 3 potions of heal wounds {@q2}
Miscellaneous
 c - a phial of floods

Dungeon Overview and Level Annotations

Branches:
Dungeon (15/15)            Temple (0/1) D:7            Lair (5/5) D:9
  Swamp (0/4) Lair:2        Snake (2/4) Lair:3        Slime (0/5) Lair:5
    Orc (2/2) D:11            Elf (0/3) Orc:2        Vaults (0/5) D:13
 Depths (0/4) D:15          IceCv (visited)         Gauntlet (visited)

Altars:
Elyvilon
Nemelex Xobeh
Okawaru
Qazlal
Trog
Vehumet
Wu Jian
Xom
Yredelemnul

Shops:
D:5 (   Orc:1 (   Orc:2 ?[[*

Annotations:
D:6 1 runed translucent door, Crazy Yiuf
D:14 2 transporters, Pyenni's ghost, journeyman FoFi

.....## #...............#
....## ##........#####..##
....####.........#...'...###
>...##...........#...'.....##
.................#..##...<..#
.....##'##+#.....####......##
.....#.....#...............#
.....+.....#.....≈......≈..###
.....#.....#....@(....N....#.#
.....#.....#....########≈....#
.....#######....# #....##
................# #....#
.........>......#......#....#
.......##'####..#.N..N.#N...#
.......#...#.#..#...N..#N...#
.......#.....#..#..N...#N...##
.......#.....#..# .....#.....#


You could see a salamander tyrant (fast).


Message History

You shoot an arrow. The arrow hits the naga mage!
The naga mage is moderately wounded.
The naga mage spits poison at you. The splash of poison misses you.
A salamander mystic comes into view. It is wielding a +0 dagger.
A salamander tyrant comes into view.
You shoot an arrow. The arrow hits the naga mage!
The naga mage is heavily wounded.
Unknown command.
You start waiting.
A salamander tyrant is nearby!
You shoot an arrow. The arrow hits the salamander tyrant!
The salamander tyrant is lightly wounded.
You shoot an arrow.
The arrow closely misses the salamander tyrant.
You shoot an arrow. The arrow hits the salamander tyrant!!!
The salamander tyrant is severely wounded.
The salamander mystic gestures at the salamander tyrant while chanting.
The salamander tyrant seems to speed up.
You shoot an arrow. The arrow hits the salamander tyrant.
The salamander tyrant is almost dead.
The salamander tyrant rends the earth beneath you!
The blast of magma engulfs you!!!
Ouch! That really hurt!
* * * LOW HITPOINT WARNING * * *
You see here 3 stones.
The salamander tyrant rends the earth beneath you!
The blast of magma engulfs you!!!
Ouch! That really hurt!
You die...

Skill      XL: |  1  2  3  4  5  6  7  8  9 10 11 12 13 14 15 |
---------------+----------------------------------------------+-----
Dodging        | 3 4 5 6 7 8 10 12 14 15 16 17 | 17.7
Fighting       | 2 3 4 5 6 8 9 10 11 | 11.8
Ranged Weapons | 5 6 7 8 10 11 13 | 13.6
Invocations    | 1 2 3 4 5 7 9 10 11 12 13 | 13.6
Evocations     | 3 6 9 11 13 14 | 14.8
Stealth        | |  1.5

Action                     |  1- 3 |  4- 6 |  7- 9 | 10-12 | 13-15 || total
---------------------------+-------+-------+-------+-------+-------++-------
   Fire: Shortbow          |    84 |   121 |   350 |    19 |  1185 ||  1759
         Orcbow            |       |       |       |  1064 |    96 ||  1160
         Arbalest          |       |       |       |       |   322 ||   322
  Throw: Dart              |       |       |       |     1 |       ||     1
 Invoke: Heroism           |       |       |       |     5 |    13 ||    18
         Finesse           |       |       |       |     2 |     4 ||     6
  Evoke: Wand              |       |       |       |     3 |     4 ||     7
    Use: Scroll            |     1 |     5 |     2 |     6 |    17 ||    31
         Potion            |       |       |       |     5 |     5 ||    10
 Armour: Robe              |     3 |     2 |     4 |    12 |    19 ||    40
         Skin              |       |       |       |    16 |       ||    16
  Dodge: Dodged            |    25 |    16 |   124 |   445 |   830 ||  1440

Levels and vault maps discovered:
D:1:      beargit_arrival_diablo_church, layout_basic
D:2:      layout_rooms
D:3:      layout_basic, ebering_ecumenical_altar_petrified,
          minmay_misc_feat_pillars, minmay_strange_pillars, uniq_robin
D:4:      layout_cave_pods, general_overflow_altar,
          lemuel_coloured_pillars_altar, gammafunk_temple_overflow_pools,
          kennysheep_little_box, uniq_blork_the_orc
D:5:      layout_basic, trog_wizard, serial_shops, nicolae_shop_rolling_square,
          uniq_eustachio
D:6:      layout_layer_cave, nicolae_overflow_two_pavilions, uniq_sigmund,
          uniq_crazy_yiuf_cottage, uniq_grinder
D:7:      wander_river, layout_rooms, minmay_temple_entry_offerings,
          serial_bayou_pond_d
D:8:      layout_loops_ring, grunt_ministairs_8, minivault_5, minmay_liquid_box,
          centaur_isle
D:9:      layout_basic, minmay_lair_entry_grove, minivault_5
D:10:     layout_irregular_city, tgw_xom, chequers_avenue, library_closet,
          nicolae_the_louvre
D:11:     layout_cave_pods, hiddenorc2_lemuel, uniq_erolcha
D:12:     layout_irregular_city, argonaut_gorgonesque
D:13:     layout_loops_ring, grunt_vaults_entry_fortified,
          nicolae_qazlal_scattered_showers, uniq_lodul
D:14:     layout_cave_pools, gammafunk_ghost_mausoleum
D:15:     grunt_enter_depths_giant_problem, layout_small_grid, serial_ice,
          serial_ice_n, serial_ice_f, serial_ice_o, serial_ice_b, uniq_josephine
Lair:1:   layout_chaotic_city, uniq_urug
Lair:2:   layout_cave_shapes, skrybe_swamp_entry_bodies
Lair:3:   layout_cave_pods, nicolae_snake_entry_squirm,
          infiniplex_staircase_pool_2
Lair:4:   layout_gridlike, gauntlet_entry_generic, lookout_lair_type
Lair:5:   grunt_lair_end_beastmaster, layout_cellular_growth,
          nicolae_slime_entry_field_trip, serial_forest,
          infiniplex_forest_end_3, infiniplex_forest_diagonal,
          infiniplex_forest_lined_room_3, infiniplex_forest_lined_corner,
          evilmike_ambush [evilmike_ambush_outer_basic,
          evilmike_ambush_inner_basic], lemuel_fruit_fields, uniq_nessos
Snake:1:  layout_rooms, nicolae_letterblocks [nicolae_letter_subblock,
          nicolae_letter_subblock, nicolae_letter_subblock,
          nicolae_letter_subblock, nicolae_letter_subblock,
          nicolae_letter_subblock, nicolae_letter_subblock,
          nicolae_letter_subblock, nicolae_letter_subblock,
          nicolae_letter_subblock, nicolae_letter_subblock,
          nicolae_letter_subblock, nicolae_letter_subblock,
          nicolae_letter_subblock, nicolae_letter_subblock,
          nicolae_letter_subblock, nicolae_letter_subblock,
          nicolae_letter_subblock, nicolae_letter_subblock,
          nicolae_letter_subblock, nicolae_letter_subblock,
          nicolae_letter_subblock, nicolae_letter_subblock,
          nicolae_letter_subblock, nicolae_letter_subblock]
Snake:2:  layout_cave_town, serial_bayou_shore_b, uniq_frances
Orc:1:    layout_caves, serial_shops, nicolae_shop_advertising_works
          [nicolae_subvault_shop_adworks], portal_ice_cave_entry_imps,
          guppyfry_library_mini
Orc:2:    grunt_orc_tribal_feast, layout_diamond_mine, basic_altar

Notes
Turn   | Place    | Note
-------+----------+-------------------------------------------
     0 | D:1      | Drazool the Spriggan Hunter began the quest for the Orb.
     0 | D:1      | Reached XP level 1. HP: 10/10 MP: 2/2
   203 | D:1      | Reached skill level 3 in Dodging
   203 | D:1      | Reached XP level 2. HP: 12/15 MP: 3/3
   894 | D:2      | Reached skill level 2 in Fighting
   894 | D:2      | Reached XP level 3. HP: 18/18 MP: 4/4
  1019 | D:2      | Identified the +1 spear of Righteous Anger {freeze, rN+
                  | Will+ rCorr Str-4}
  1435 | D:3      | Found a faded altar of an unknown god.
  1463 | D:3      | Prayed at the altar of an unknown god.
  1463 | D:3      | Became a worshipper of Warmaster Okawaru
  1463 | D:3      | Reached * piety under Okawaru
  1487 | D:3      | Reached XP level 4. HP: 23/23 MP: 5/5
  1487 | D:3      | Noticed Robin
  1512 | D:3      | Killed Robin
  1559 | D:3      | Reached skill level 5 in Ranged Weapons
  1723 | D:3      | Reached skill level 4 in Dodging
  1733 | D:3      | Reached skill level 1 in Invocations
  1733 | D:3      | Reached XP level 5. HP: 27/27 MP: 6/6
  2315 | D:4      | Noticed Blork the orc
  2319 | D:4      | Killed Blork the orc
  2319 | D:4      | Reached ** piety under Okawaru
  2320 | D:4      | Noticed a phantom
  2343 | D:4      | Killed a phantom
  2344 | D:4      | Reached XP level 6. HP: 25/32 MP: 8/8
  2500 | D:4      | Reached skill level 3 in Fighting
  2517 | D:4      | Reached skill level 6 in Ranged Weapons
  2517 | D:4      | Reached skill level 2 in Invocations
  2521 | D:4      | Reached skill level 5 in Dodging
  2576 | D:4      | Found a basalt altar of Yredelemnul.
  2908 | D:4      | Reached XP level 7. HP: 36/36 MP: 9/9
  3025 | D:4      | Found a white marble altar of Elyvilon.
  3025 | D:4      | Found an iron altar of Okawaru.
  3089 | D:4      | Found an ornate altar of the Wu Jian Council.
  3214 | D:4      | Found a radiant altar of Vehumet.
  3340 | D:5      | Entered Level 5 of the Dungeon
  3394 | D:5      | Reached *** piety under Okawaru
  3398 | D:5      | Reached skill level 3 in Invocations
  3542 | D:5      | Reached skill level 7 in Ranged Weapons
  3623 | D:5      | Found a bloodstained altar of Trog.
  3626 | D:5      | Noticed a wizard
  3631 | D:5      | Killed a wizard
  3708 | D:5      | Reached skill level 6 in Dodging
  3756 | D:5      | Noticed Eustachio
  3893 | D:5      | Found Xucvof's Antique Weapon Emporium.
  3918 | D:5      | Reached XP level 8. HP: 42/42 MP: 11/11
  3967 | D:5      | Reached skill level 4 in Fighting
  4169 | D:5      | Killed Eustachio
  4169 | D:5      | Received a gift from Okawaru
  4170 | D:5      | Reached skill level 4 in Invocations
  4393 | D:6      | Reached **** piety under Okawaru
  4394 | D:6      | Reached skill level 8 in Ranged Weapons
  4470 | D:6      | Reached skill level 7 in Dodging
  4580 | D:6      | Noticed Sigmund
  4584 | D:6      | Killed Sigmund
  4654 | D:6      | Reached XP level 9. HP: 40/46 MP: 13/13
  5047 | D:6      | Noticed Grinder
  5061 | D:6      | Killed Grinder
  5062 | D:6      | Reached skill level 9 in Ranged Weapons
  5062 | D:6      | Reached skill level 5 in Invocations
  5118 | D:6      | Reached skill level 5 in Fighting
  5323 | D:6      | Found a runed translucent door.
  5324 | D:6      | Noticed Crazy Yiuf
  5414 | D:6      | Found a stormy altar of Qazlal.
  5414 | D:6      | Found a sparkling altar of Nemelex Xobeh.
  5720 | D:7      | Found a staircase to the Ecumenical Temple.
  5981 | D:7      | Reached skill level 8 in Dodging
  5981 | D:7      | Reached skill level 1 in Evocations
  6642 | D:8      | Reached ***** piety under Okawaru
  6643 | D:8      | Reached skill level 2 in Evocations
  6837 | D:8      | Reached skill level 3 in Evocations
  7202 | D:8      | Reached skill level 10 in Ranged Weapons
  7202 | D:8      | Reached XP level 10. HP: 51/51 MP: 15/15
  7223 | D:8      | Identified the +1 robe of the Moon {Fly rCorr} (Okawaru
                  | gifted it to you on level 8 of the Dungeon)
  7223 | D:8      | Received a gift from Okawaru
  7224 | D:8      | Reached skill level 6 in Invocations
  7227 | D:8      | Reached skill level 9 in Dodging
  7227 | D:8      | Reached skill level 4 in Evocations
  8041 | D:8      | Reached skill level 6 in Fighting
  8180 | D:8      | Identified the +7 quarterstaff of Tenacity {venom, rPois
                  | rF+ Will+ Int+2}
  8448 | D:9      | Reached skill level 5 in Evocations
  8811 | D:9      | Found a staircase to the Lair.
  8827 | D:9      | Reached skill level 10 in Dodging
  8832 | D:9      | Reached skill level 7 in Invocations
  8884 | D:9      | Reached skill level 6 in Evocations
  9542 | D:10     | Entered Level 10 of the Dungeon
  9787 | D:10     | Reached XP level 11. HP: 58/58 MP: 17/17
 10106 | D:10     | Noticed a two-headed ogre
 10151 | D:10     | Killed a two-headed ogre
 10152 | D:10     | Reached skill level 7 in Evocations
 10162 | D:10     | Reached skill level 7 in Fighting
 10278 | D:10     | Found a shimmering altar of Xom.
 10569 | D:10     | Reached skill level 11 in Dodging
 10662 | D:10     | Identified the +1 robe of Eral {Rampage rCorr Str-5
                  | Archmagi} (Okawaru gifted it to you on level 10 of the
                  | Dungeon)
 10662 | D:10     | Received a gift from Okawaru
 10762 | Lair:1   | Entered Level 1 of the Lair of Beasts
 10767 | Lair:1   | Reached skill level 8 in Invocations
 11022 | Lair:1   | Noticed Urug
 11435 | Lair:1   | Reached skill level 8 in Evocations
 11957 | Lair:1   | Killed Urug
 12552 | Lair:2   | Noticed a four-headed hydra
 12606 | Lair:1   | Killed a four-headed hydra
 12607 | Lair:1   | Reached skill level 12 in Dodging
 12607 | Lair:1   | Reached skill level 9 in Evocations
 12718 | Lair:2   | Reached skill level 8 in Fighting
 12754 | Lair:2   | Reached skill level 9 in Invocations
 12796 | Lair:2   | Reached XP level 12. HP: 64/64 MP: 19/19
 12803 | Lair:2   | Noticed a boulder beetle
 12887 | Lair:2   | Received a gift from Okawaru
 12902 | Lair:2   | Found a staircase to the Swamp.
 12936 | Lair:2   | Killed a boulder beetle
 13019 | Lair:2   | Reached skill level 10 in Evocations
 13112 | Lair:1   | HP: 6/65 [poisoned by a black mamba]
 14061 | Lair:3   | Reached skill level 13 in Dodging
 14526 | Lair:3   | Reached skill level 10 in Invocations
 14526 | Lair:3   | Reached skill level 11 in Evocations
 14593 | Lair:3   | Noticed a death yak
 14594 | Lair:3   | Noticed a death yak
 14600 | Lair:3   | Noticed a death yak
 14602 | Lair:3   | Noticed a death yak
 14602 | Lair:3   | Noticed a death yak
 14670 | Lair:3   | Killed a death yak
 14730 | Lair:3   | Reached skill level 9 in Fighting
 14917 | Lair:3   | Found a staircase to the Snake Pit.
 14998 | Lair:3   | Noticed a death yak
 15051 | Lair:3   | Killed a death yak
 15211 | Lair:3   | Killed a death yak
 15227 | Lair:3   | Killed a death yak
 15227 | Lair:3   | Identified the +0 robe of Drazool's Integrity {rElec}
                  | (Okawaru gifted it to you on level 3 of the Lair of Beasts)
 15227 | Lair:3   | Received a gift from Okawaru
 15238 | Lair:3   | Killed a death yak
 15239 | Lair:3   | Reached skill level 14 in Dodging
 15282 | Lair:3   | Killed a death yak
 15283 | Lair:3   | Reached XP level 13. HP: 70/70 MP: 21/21
 15480 | Lair:4   | HP: 3/70 [komodo dragon (25)]
 15696 | Lair:4   | Found a gate leading to a gauntlet.
 15738 | Gauntlet | Entered a Gauntlet
 15738 | Gauntlet | Found a transporter.
 15746 | Gauntlet | Found a transporter.
 15747 | Gauntlet | Found a transporter.
 15758 | Gauntlet | Found a transporter.
 15761 | Gauntlet | Found a transporter.
 15769 | Gauntlet | Found a transporter.
 15789 | Gauntlet | Found a runed translucent gate.
 15790 | Gauntlet | Found a transporter.
 15790 | Gauntlet | Found a runed translucent gate.
 15791 | Gauntlet | Found a runed translucent gate.
 15801 | Gauntlet | Found a transporter.
 15811 | Gauntlet | Found a transporter.
 15833 | Gauntlet | Found a transporter.
 15845 | Gauntlet | Found a transporter.
 15845 | Gauntlet | Found a transporter.
 15894 | Gauntlet | Found a transporter.
 15908 | Gauntlet | Found a transporter.
 16277 | Gauntlet | Noticed a minotaur
 16375 | Gauntlet | Got Puirout's Volume of the Hazy Wendigo
 16482 | Lair:4   | Reached skill level 12 in Evocations
 17179 | Lair:4   | Upgraded the game from 0.31-a0-174-g85c54bcb58 to
                  | 0.31-a0-175-g9f7f995f2b
 17189 | Lair:5   | Entered Level 5 of the Lair of Beasts
 17192 | Lair:5   | Reached skill level 11 in Invocations
 17253 | Lair:5   | Noticed Nessos
 17256 | Lair:5   | Killed Nessos
 17293 | Lair:4   | Reached ****** piety under Okawaru
 17713 | Lair:5   | Received a gift from Okawaru
 17786 | Lair:5   | Reached skill level 15 in Dodging
 17795 | Lair:5   | Reached skill level 10 in Fighting
 17871 | Lair:5   | Reached skill level 13 in Evocations
 18387 | Lair:5   | Identified the +2 shortbow of the Building Gods {heavy,
                  | Int+3} (Okawaru gifted it to you on level 5 of the Lair of
                  | Beasts)
 18387 | Lair:5   | Received a gift from Okawaru
 18495 | Lair:5   | Reached XP level 14. HP: 77/77 MP: 23/23
 18797 | Lair:5   | HP: 4/77 [elephant (73)]
 19104 | Lair:5   | Found a staircase to the Slime Pits.
 20103 | Lair:5   | Reached skill level 12 in Invocations
 20396 | Lair:5   | Received a gift from Okawaru
 20397 | Lair:5   | Reached skill level 11 in Ranged Weapons
 20402 | Lair:5   | Identified 2 potions of resistance
 20814 | D:11     | Noticed Erolcha
 20826 | D:11     | Killed Erolcha
 20827 | D:11     | Reached skill level 14 in Evocations
 21653 | D:11     | Found a staircase to the Orcish Mines.
 21828 | D:11     | Reached skill level 16 in Dodging
 22436 | Orc:1    | Entered Level 1 of the Orcish Mines
 22472 | Orc:1    | Found Kummyck's Antique Weapon Shop.
 22502 | Orc:2    | Entered Level 2 of the Orcish Mines
 22606 | Orc:1    | Found a frozen archway.
 22745 | IceCv    | Entered an ice cave
 22994 | IceCv    | Identified the +2 hat of Entitlement {rC- rN+ Will- Dex+3
                  | Stlth+} (Okawaru gifted it to you in an ice cave)
 22994 | IceCv    | Received a gift from Okawaru
 23749 | IceCv    | Found an ancient bone altar of Kikubaaqudgha.
 23845 | IceCv    | Identified the ring "Wozaer" {rF+ rN+ Will+ Int+4}
 23860 | IceCv    | HP: 6/76 [three-headed hydra simulacrum (25)]
 25054 | Orc:2    | Found a staircase to the Elven Halls.
 25347 | Orc:2    | Reached skill level 11 in Fighting
 25733 | Orc:2    | Found Saipriff's Magic Scroll Emporium.
 25733 | Orc:2    | Found Suirch's Assorted Antiques.
 25735 | Orc:2    | Found Kacococ's Antique Armour Emporium.
 25735 | Orc:2    | Found Diepp's Armour Shop.
 25755 | Orc:2    | Bought a scroll of identify for 24 gold pieces
 25755 | Orc:2    | Bought a scroll of identify for 24 gold pieces
 25765 | Orc:2    | Bought a wand of quicksilver (2) for 268 gold pieces
 25765 | Orc:2    | Bought a wand of flame (8) for 179 gold pieces
 25765 | Orc:2    | Bought a scroll of identify for 64 gold pieces
 26163 | D:12     | Reached XP level 15. HP: 82/82 MP: 25/25
 26831 | D:13     | Reached skill level 12 in Ranged Weapons
 26878 | D:13     | Received a gift from Okawaru
 26916 | D:13     | Found a gate to the Vaults.
 27195 | D:13     | Found a stormy altar of Qazlal.
 27231 | D:13     | Noticed Lodul
 27236 | D:13     | Killed Lodul
 27292 | D:13     | Reached skill level 13 in Invocations
 27414 | D:13     | Reached skill level 17 in Dodging
 27902 | D:14     | Found a transporter.
 28017 | D:14     | Found a transporter.
 28017 | D:14     | Noticed Pyenni's ghost (journeyman FoFi)
 28258 | D:15     | Entered Level 15 of the Dungeon
 28437 | D:15     | Found a staircase to the Depths.
 28437 | D:15     | Noticed a fire giant
 28694 | D:15     | Identified a +2 robe of the Archmagi
 28694 | D:15     | Noticed Josephine
 28725 | D:15     | Killed Josephine
 29012 | D:14     | Killed a fire giant
 29012 | D:14     | Received a gift from Okawaru
 29765 | Snake:1  | Entered Level 1 of the Snake Pit
 29923 | Snake:1  | Reached skill level 13 in Ranged Weapons
 30195 | Snake:1  | Received a gift from Okawaru
 30562 | Snake:2  | Noticed a nagaraja
 30579 | Snake:2  | Killed a nagaraja
 31428 | Snake:2  | Noticed Frances
 31439 | Snake:2  | Killed Frances
 31632 | Snake:2  | Noticed a nagaraja
 31636 | Snake:2  | Killed a nagaraja
 31770 | Snake:2  | Killed from afar by a salamander tyrant

Vanquished Creatures
  Frances (Snake:2)
  2 nagarajas (Snake:2)
  A fire giant (D:14)
  Nessos (Lair:5)
  Josephine (D:15)
  Erolcha (D:11)
  3 hydras
  2 catoblepae (Lair:5)
  An anaconda (Snake:1)
  2 centaur warriors (D:14)
  4 vault guards (D:13)
  3 two-headed ogres
  A deep troll shaman (Lair:5)
  2 tengu warriors (D:13)
  2 boulder beetles
  3 naga warriors
  3 orc high priests (Orc:2)
  14 death yaks
  Urug (Lair:1)
  2 shock serpents
  2 naga sharpshooters
  A skyshark (Lair:4)
  A fire crab (Lair:4)
  Lodul (D:13)
  A bog body (Lair:2)
  2 deep elf pyromancers
  A lindwurm (Lair:5)
  A necromancer (IceCv)
  A mana viper (Snake:1)
  5 orc knights
  5 orc sorcerers
  A cyclops (D:13)
  6 ugly things
  2 salamanders
  2 manticores
  An ice statue (IceCv)
  13 elephants
  A moth of wrath (Gauntlet)
  14 black mambas
  A guardian serpent (Snake:1)
  10 cane toads
  4 naga magi
  A gargoyle (D:12)
  3 rime drakes
  A cane toad (shapeshifter) (D:13)
  An unseen horror (D:10)
  2 yaktaurs (D:13)
  12 komodo dragons
  An anaconda simulacrum (IceCv)
  12 ice devils (IceCv)
  6 freezing wraiths
  A tengu conjurer (D:13)
  2 burning bushes (Lair:5)
  8 trolls
  10 blink frogs
  Grinder (D:6)
  7 polar bears
  6 dream sheep (Lair:5)
  Sigmund (D:6)
  A vampire (D:10)
  7 wraiths
  A dire elephant simulacrum (IceCv)
  2 shadows
  6 wyverns
  Eustachio (D:5)
  7 basilisks
  52 yaks
  A hog (shapeshifter) (D:14)
  A steam dragon (D:7)
  10 vampire mosquitoes
  2 death yak simulacra (IceCv)
  2 harpy simulacra (IceCv)
  A warg (Orc:2)
  An acid dragon (D:11)
  11 nagas
  14 water moccasins
  2 hydra simulacra (IceCv)
  2 ice beasts
  5 black bears
  19 orc warriors
  2 sky beasts
  4 boggarts (D:15)
  38 wolves
  21 centaurs
  8 ogres
  A phantom (D:4)
  2 kobold brigands
  Blork the orc (D:4)
  8 bullfrogs
  2 cane toad simulacra (IceCv)
  6 scorpions
  8 wights
  5 killer bees
  7 elephant simulacra (IceCv)
  6 howler monkeys
  3 hounds (D:6)
  17 orc priests
  6 jellies
  6 iguanas
  A sleepcap (D:4)
  27 orc wizards
  A troll simulacrum (IceCv)
  7 polar bear simulacra (IceCv)
  A spriggan simulacrum (IceCv)
  2 wolf simulacra (IceCv)
  A boggart simulacrum (D:15)
  Robin (D:3)
  4 gnolls (Orc:2)
  8 adders
  4 naga simulacra (IceCv)
  4 shadow imps
  14 white imps
  4 ufetubi
  A worm (D:4)
  7 dart slugs
  75 orcs
  4 bats
  6 endoplasms
  4 giant cockroaches
  17 goblins
  6 hobgoblins
  2 jackals (D:2)
  17 kobolds
  2 quokkas
  6 ball pythons
  A frilled lizard (D:1)
  2 rats
729 creatures vanquished.

Vanquished Creatures (others)
  A wizard (D:5)
  A tengu conjurer (D:13)
  An orc priest (Orc:2)
3 creatures vanquished.

Grand Total: 732 creatures vanquished

Table legend: (Time is in decaauts)
 A = Elapsed time spent in this place.
 B = Non-inter-level travel time spent in this place.
 C = Inter-level travel time spent in this place.
 D = Time resting spent in this place.
 E = Time spent auto-exploring this place.
 F = Levels seen in this place.
 G = Mean time per level.
                   A        B        C        D        E       F      G
               +--------+--------+--------+--------+--------+-----+--------+
         Total |  24006 |  22541 |   1465 |   4008 |  11900 |  26 |  923.3 |
       Dungeon |  11729 |  10905 |    824 |   1331 |   6806 |  15 |  781.9 |
          Lair |   7533 |   6998 |    535 |   1555 |   3118 |   5 | 1506.6 |
     Snake Pit |   1396 |   1377 |     19 |    105 |    958 |   2 |  698.0 |
  Orcish Mines |   1454 |   1368 |     86 |    127 |    745 |   2 |  727.0 |
      Ice Cave |   1409 |   1409 |      0 |    736 |    164 |   1 | 1409.0 |
      Gauntlet |    483 |    483 |      0 |    153 |    108 |   1 |  483.0 |
               +--------+--------+--------+--------+--------+-----+--------+

Top non-repeatable levels by time:
  Lair:5: 2058 daAuts
  Lair:4: 1774 daAuts
     D:8: 1634 daAuts
  Lair:1: 1568 daAuts
   IceCv: 1409 daAuts
  Lair:3: 1385 daAuts
     D:9: 1176 daAuts
    D:11: 1027 daAuts
   Orc:2: 960 daAuts
     D:6: 907 daAuts
    D:10: 904 daAuts
    D:15: 871 daAuts
 Snake:1: 772 daAuts
  Lair:2: 746 daAuts
     D:5: 709 daAuts

Table legend:
 A = Non-vault XP
 B = Vault XP
 C = Vault XP percentage of total XP
 D = Non-vault monster count
 E = Vault monster count
 F = Vault count percentage of total count
                 A         B        C        D         E       F
            +---------+---------+-------+---------+---------+-------
      Total |   99321 |   48855 |  33.0 |     480 |     250 |  34.2
            +---------+---------+-------+---------+---------+-------
        D:1 |      31 |       0 |   0.0 |      16 |       0 |   0.0
        D:2 |      64 |       0 |   0.0 |      16 |       0 |   0.0
        D:3 |     112 |      39 |  25.8 |      20 |      13 |  39.4
        D:4 |     616 |      99 |  13.8 |      22 |       1 |   4.3
        D:5 |     930 |     197 |  17.5 |      16 |       1 |   5.9
        D:6 |     983 |     503 |  33.8 |      21 |       2 |   8.7
        D:7 |     484 |       0 |   0.0 |       6 |       0 |   0.0
        D:8 |    2413 |    1017 |  29.7 |      26 |      12 |  31.6
        D:9 |     870 |    1488 |  63.1 |      11 |      12 |  52.2
       D:10 |    4323 |     192 |   4.3 |      24 |       3 |  11.1
       D:11 |    2872 |    1231 |  30.0 |      15 |      33 |  68.8
       D:12 |    4807 |       0 |   0.0 |      21 |       0 |   0.0
       D:13 |    4589 |    7363 |  61.6 |      15 |      18 |  54.5
       D:14 |    4861 |    1322 |  21.4 |      13 |       1 |   7.1
       D:15 |    2648 |    2151 |  44.8 |       9 |      11 |  55.0
     Lair:1 |    4421 |     798 |  15.3 |      19 |       1 |   5.0
     Lair:2 |    5939 |     697 |  10.5 |      26 |       1 |   3.7
     Lair:3 |   12370 |     477 |   3.7 |      34 |       3 |   8.1
     Lair:4 |   12300 |    1416 |  10.3 |      32 |       5 |  13.5
     Lair:5 |   14247 |    9799 |  40.8 |      46 |      23 |  33.3
    Snake:1 |    8186 |       0 |   0.0 |      17 |       0 |   0.0
    Snake:2 |    9305 |    1434 |  13.4 |      16 |       1 |   5.9
      Orc:1 |     724 |     904 |  55.5 |      14 |      13 |  48.1
      Orc:2 |    1226 |    7483 |  85.9 |      25 |      38 |  60.3
      IceCv |       0 |    9279 | 100.0 |       0 |      50 | 100.0
   Gauntlet |       0 |     966 | 100.0 |       0 |       8 | 100.0
            +---------+---------+-------+---------+---------+-------
